 Dungeon Crawl Stone Soup version 0.30-a0-359-gd0147acb1a (webtiles) character file.

Game seed: 16435000468521030705

34 oldriver the Grave Robber (level 3, 0/26 HPs)
             Began as a Mummy Necromancer on Nov 12, 2022.
             Slain by a kobold
             ... wielding a +0 dagger
              (1 damage)
             ... on level 4 of the Dungeon.
             The game lasted 00:01:30 (1100 turns).

oldriver the Grave Robber (Mummy Necromancer)       Turns: 1100, Time: 00:01:30

Health: 0/26       AC:  3    Str: 11    XL:     3   Next: 14%
Magic:  8/8        EV: 12    Int: 16    God:
Gold:   12         SH:  0    Dex: 12    Spells: 8/9 levels left

rFire   . . .      SeeInvis .    c - staff of fire
rCold   + . .      Faith    +    (no shield)
rNeg    + + +      Spirit   .    a - +0 robe
rPois   ∞          Reflect  .    (no helmet)
rElec   .          Harm     .    (no cloak)
rCorr   .          Rampage  .    f - +0 pair of gloves
Will    .....                    (no boots)
Stlth   ++........               (no amulet)
HPRegen 0.24/turn                (no ring)
MPRegen 0.11/turn                (no ring)

@: no status effects
A: cold resistance 1, negative energy resistance 3, torment resistance 2, heat
vulnerability 1, in touch with death 1, no potions, faith
a: no special abilities


You were on level 4 of the Dungeon.
You visited 1 branch of the dungeon, and saw 3 of its levels.

You collected 12 gold pieces.

Inventory:

Armour
 a - a +0 robe (worn)
 f - a +0 pair of gloves (worn)
Magical Staves
 c - a staff of fire (weapon)
Jewellery
 b - a ring of ice
 h - a ring of wizardry
Scrolls
 d - a scroll of poison
 e - a scroll of immolation {unknown}
 g - a scroll of enchant armour {unknown}


   Skills:
 + Level 1.4 Fighting
 - Level 1.5 Dodging
 - Level 1.5 Stealth
 * Level 3.7 Spellcasting
 + Level 4.2 Necromancy


You had 8 spell levels left.
You knew the following spells:

 Your Spells              Type           Power      Damage    Failure   Level
a - Necrotise             Necr           96%        1d8       3%          1

Your spell library contained the following spells:

 Spells                   Type           Power      Damage    Failure   Level
 Vampiric Draining        Necr           24%        2d7       10%         3
 Animate Dead             Necr           24%        N/A       30%         4
 Agony                    Necr           24%        N/A       65%         5


Dungeon Overview and Level Annotations

Branches:
Dungeon (2/15)

Altars:


Innate Abilities, Weirdness & Mutations

You are immune to poison.
Your flesh is cold resistant. (rC+)
You are immune to negative energy. (rN+++)
You are immune to unholy pain and torment.
You are vulnerable to heat. (rF-)
You are in touch with the powers of death.
You do not drink.
You have a special connection with the divine. (Faith)


Message History

The phantom closely misses you.
You hit the phantom.
The phantom is lightly damaged.
The phantom hits you.
The phantom blinks!
You blink.
A kobold and a ball python come into view.
Found a stone staircase leading up.
The ball python hisses angrily.
The kobold shouts!
The ball python bites you but does no damage.
The ball python barely misses you. The phantom attacks as you move away!
The phantom barely misses you. The ball python closely misses you.
The ball python grabs you. The ball python constricts you.
The ball python misses you. The ball python constricts you.
You escape the ball python's grasp.
The kobold hits you but does no damage. The kobold attacks as you move away!
The kobold hits you but does no damage.
A goblin comes into view. It is wielding a +0 club.
The ball python misses you. x2
There is a stone staircase leading up here.
The kobold hits you with a +0 dagger. The ball python bites you.
The ball python grabs you.
You stop ascending the stairs.
The ball python constricts you.
Unknown command.
You escape the ball python's grasp.
The kobold hits you but does no damage. The phantom hits you.
The phantom blinks!
You blink.
You stop ascending the stairs.
The phantom attacks as you move away! The phantom barely misses you.
The ball python bites you. The ball python misses you.
The kobold hits you with a +0 dagger. The phantom hits you.
* * * LOW HITPOINT WARNING * * *
The phantom blinks!
You blink.
The ball python attacks as you move away!
The ball python closely misses you. The goblin hits you with a +0 club.
* * * LOW HITPOINT WARNING * * *
The phantom hits you but does no damage.
The air fills with toxic fumes!
As you read the scroll labelled NUOFOTZ GAIBE, it crumbles to dust.
It was a scroll of poison.
The ball python bites you.
* * * LOW HITPOINT WARNING * * *
The ball python barely misses you. The kobold hits you with a +0 dagger.
You die...

. #. #.#§####
#..§§§§#####
#.§§§§§§§§#
....#§§§§§§W# .
#§§§§§S@#
.##§§§§§Kg######
..§§§§§§§§§....#
###§§§§§§§####g#
#§§§§§§§#
#####§### #§.#
##.# #.#


You could see a phantom, a goblin, a ball python and a kobold.

Vanquished Creatures
  2 ball pythons (D:1)
  5 endoplasms (D:1)
  2 giant cockroaches (D:1)
  3 goblins (D:1)
  6 hobgoblins
  A quokka (D:1)
  2 bats (D:1)
  A frilled lizard (D:1)
  3 kobolds (D:1)
  2 rats (D:1)
27 creatures vanquished.

Vanquished Creatures (collateral kills)
  An endoplasm (D:1)
  3 rats (D:1)
4 creatures vanquished.

Grand Total: 31 creatures vanquished

Notes
Turn   | Place    | Note
-------+----------+-------------------------------------------
     0 | D:1      | oldriver the Mummy Necromancer began the quest for the Orb.
     0 | D:1      | Reached XP level 1. HP: 13/13 MP: 4/4
   131 | D:1      | Reached XP level 2. HP: 20/20 MP: 3/6
   144 | D:1      | Reached skill level 1 in Fighting
   700 | D:1      | Gained mutation: You are in touch with the powers of death.
                  | [Mummy growth]
   700 | D:1      | Reached XP level 3. HP: 26/26 MP: 5/8
  1063 | D:2      | You fall into a shaft and drop 2 floors!
  1071 | D:4      | Noticed a phantom
  1100 | D:4      | HP: 1/26 [ball python (2)]
  1100 | D:4      | Slain by a kobold

Illustrated notes

Levels and vault maps discovered:
D:1:      lightli_iron_boxes, layout_basic, item_on_display_a
D:2:      layout_basic
D:4:      layout_rooms, gammafunk_ghost_cemetery, uniq_edmund, uniq_grinder,
          uniq_crazy_yiuf_cottage

Skill      XL: |  1  2 |
---------------+-------+-----
Spellcasting   | 3 |  3.7
Fighting       | 1 |  1.4
Dodging        | |  1.5
Stealth        | |  1.5
Necromancy     | |  4.2

Action                   || total
-------------------------++-------
Melee: Staff             ||    16
       Unarmed           ||     1
 Cast: Necrotise         ||    45
  Use: Scroll            ||     1
 Stab: Distracted        ||     2
Armor: Robe              ||    12
Dodge: Dodged            ||    23

Table legend: (Time is in decaauts)
 A = Elapsed time spent in this place.
 B = Non-inter-level travel time spent in this place.
 C = Inter-level travel time spent in this place.
 D = Time resting spent in this place.
 E = Time spent auto-exploring this place.
 F = Levels seen in this place.
 G = Mean time per level.
                   A        B        C        D        E       F      G
               +--------+--------+--------+--------+--------+-----+--------+
         Total |   1102 |   1028 |     74 |     35 |    800 |   3 |  367.3 |
       Dungeon |   1102 |   1028 |     74 |     35 |    800 |   3 |  367.3 |
               +--------+--------+--------+--------+--------+-----+--------+

Top non-repeatable levels by time:
     D:1: 1022 daAuts
     D:2: 42 daAuts
     D:4: 37 daAuts
